 Dungeon Crawl Stone Soup version 0.27.0-1-g7a089689b8 (webtiles) character file.

Game seed: 14333520218402165089

7436 BOMJPIETVODKU the Magician (level 11, -22/81 HPs)
             Began as a Gnoll Earth Elementalist on Aug 4, 2021.
             Was a Priest of Cheibriados.
             Killed from afar by a fire dragon (58 damage)
             ... with a blast of flame
             ... on level 9 of the Dungeon.
             The game lasted 00:42:00 (14881 turns).

BOMJPIETVODKU the Magician (GnEE)                  Turns: 14881, Time: 00:42:00

Health: -22/81     AC:  7    Str: 17    XL:     11   Next: 15%
Magic:  12/22      EV: 17    Int: 31    God:    Cheibriados [***...]
Gold:   316        SH:  0    Dex: 20    Spells: 7/25 levels left

rFire    . . .     SeeInvis .   j - +1 short sword
rCold    . . .     Faith    .   (no shield)
rNeg     + . .     Spirit   .   G - +1 robe {rN+}
rPois    .         Reflect  .   (no helmet)
rElec    .         Harm     .   h - +0 cloak
rCorr    .         Rampage  .   m - +1 pair of gloves
Will     +....                  (no boots)
Stlth    ++++......             (no amulet)
HPRegen  0.23/turn              i - ring of willpower
MPRegen  0.18/turn              M - +6 ring of intelligence

@: forested, very slightly contaminated, very slow
A: fangs 1, strong nose, distributed training
a: Renounce Religion, Bend Time, Temporal Distortion


You were on level 9 of the Dungeon.
You worshipped Cheibriados.
Cheibriados was most pleased with you.
You visited 2 branches of the dungeon, and saw 10 of its levels.
You also visited: Sewer and Ossuary.

You collected 482 gold pieces.
You spent 166 gold pieces at shops.

Inventory:

Hand Weapons
 b - the +2 great mace of Circularity {drain, rC+ Dex+8}
   (You found it on level 6 of the Dungeon)

   A truly terrible weapon, it drains the life of any living foe it strikes.
   Dex:       It affects your dexterity (+8).
   rC:        It protects you from cold.
 j - a +1 short sword (weapon)
Missiles
 f - 67 poisoned darts
 u - 162 stones
 I - a throwing net
Armour
 h - a +0 cloak (worn)
 m - a +1 pair of gloves (worn)
 G - a +1 robe of positive energy (worn)
Jewellery
 d - a ring of ice
 i - a ring of willpower (left hand)
 l - a ring of resist corrosion
 o - a ring of flight
 y - a ring of positive energy
 E - a +6 ring of dexterity
 F - a ring of protection from fire
 M - a +6 ring of intelligence (right hand)
Wands
 a - a wand of acid (6)
 v - a wand of flame (26)
Scrolls
 c - a scroll of fear
 e - 4 scrolls of magic mapping
 g - a scroll of silence
 n - 4 scrolls of fog
 p - a scroll of vulnerability
 q - 3 scrolls of teleportation
 x - a scroll of summoning
 D - a scroll of noise
 H - a scroll of enchant weapon
Potions
 k - 2 potions of flight
 r - a potion of degeneration {unknown}
 s - a potion of heal wounds
 t - 3 potions of lignification
 w - a potion of magic
 z - 2 potions of berserk rage
 A - a potion of brilliance {unknown}
 B - 2 potions of haste {unknown}
 C - 2 potions of resistance {unknown}
 J - a potion of attraction {unknown}
 K - 2 potions of might {unknown}
 L - a potion of invisibility


   Skills:
 + Level 6.0 Fighting
 + Level 6.0 Short Blades
 + Level 6.0 Long Blades
 + Level 6.0 Axes
 + Level 6.0 Maces & Flails
 + Level 6.0 Polearms
 + Level 6.0 Staves
 + Level 6.0 Slings
 + Level 6.0 Bows
 + Level 6.0 Crossbows
 + Level 6.0 Throwing
 + Level 6.0 Armour
 + Level 7.6 Dodging
 + Level 7.4 Stealth
 + Level 6.0 Shields
 + Level 6.0 Unarmed Combat
 + Level 7.9 Spellcasting
 + Level 5.0 Conjurations
 + Level 5.0 Hexes
 + Level 5.0 Summonings
 + Level 5.0 Necromancy
 + Level 5.0 Translocations
 + Level 5.4 Transmutations
 + Level 5.0 Fire Magic
 + Level 5.0 Ice Magic
 + Level 5.0 Air Magic
 + Level 7.5 Earth Magic
 + Level 5.0 Poison Magic
 + Level 6.6 Invocations
 + Level 6.0 Evocations


You had 7 spell levels left.
You knew the following spells:

 Your Spells              Type           Power      Damage    Failure   Level
a - Sandblast             Erth           100%       2d20      1%          1
b - Passwall              Tmut/Erth      42%        N/A       1%          2
c - Stone Arrow           Conj/Erth      100%       3d13      1%          3
d - Petrify               Tmut/Erth      51%        N/A       2%          4
e - Mephitic Cloud        Conj/Pois/Air  43%        N/A       1%          3
f - Summon Forest         Summ/Tloc      21%        N/A       14%         5

Your spell library contained the following spells:

 Spells                   Type           Power      Damage    Failure   Level
 Corona                   Hex            47%        N/A       1%          1
 Shock                    Conj/Air       100%       1d9       1%          1
 Ensorcelled Hibernation  Hex/Ice        86%        N/A       1%          2
 Gell's Gravitas          Tloc           21%        N/A       1%          3
 Ignite Poison            Fire/Tmut/Pois 44%        N/A       1%          3
 Inner Flame              Hex/Fire       43%        N/A       1%          3
 Swiftness                Air            43%        N/A       1%          3
 Teleport Other           Tloc           43%        N/A       1%          3
 Tukima's Dance           Hex            43%        N/A       1%          3
 Animate Armour           Summ/Erth      100%       N/A       3%          4
 Airstrike                Air            21%        N/A       5%          4
 Cause Fear               Hex            21%        N/A       5%          4
 Bolt of Magma            Conj/Fire/Erth 24%        4d12      11%         5
 Summon Mana Viper        Hex/Summ       43%        N/A       14%         5
 Dispersal                Tloc           21%        N/A       63%         6
 Shadow Creatures         Summ           N/A        N/A       63%         6
 Discord                  Hex            21%        N/A       100%        8
 Lehudib's Crystal Spear  Conj/Erth      25%        10d7      100%        8


Dungeon Overview and Level Annotations

Branches:
Dungeon (9/15)             Temple (1/1) D:6            Lair (0/6) D:8
  Sewer (visited)         Ossuary (visited)
    Orc: D:9-12

Altars:
Ashenzari
Cheibriados
Elyvilon
Fedhas
Gozag
Hepliaklqana
Kikubaaqudgha
Makhleb
Nemelex Xobeh
Okawaru
Qazlal
Ru
Sif Muna
Trog
Uskayaw
Vehumet
Wu Jian
Xom
Yredelemnul
Zin
The Shining One

Shops:
D:3 *   D:6 [*


Innate Abilities, Weirdness & Mutations

You have very sharp teeth.
Your uncanny sense of smell can sniff out nearby items.
Your experience applies equally to all skills.


Message History

Cheibriados appreciates the change of pace.
Trunks creak and shift.
You see here a yak corpse.
You open the door.
The trees move their gnarly branches around.
Trunks creak and shift. x2
There is an open door here.
The forest calms down.
You start resting.
Your dryad disappears in a puff of smoke!
Space becomes stable.
You start resting.
Magic restored.
A fire dragon comes into view.
Found 15 stones.
The fire dragon roars deafeningly!
You hear a shout!
You hear a bellow!
A centaur comes into view.
You hear a shout!
You need more open space to fit a forest.
A vampire mosquito comes into view.
You need more open space to fit a forest.
You need more open space to fit a forest.
The fire dragon breathes flames at you. The blast of flame hits you!!
Casting: Summon Forest (dangerous; 14% risk of failure)
Press: ? - help, Q - select action, (/) - cycle Dir - look around, f - activate You miscast Summon Forest.
You are very lightly contaminated with residual magic.
Nothing appears to happen.
The fire dragon completely misses you. The fire dragon claws you.
The fire dragon tramples you.
You stumble backwards!
Casting: Summon Forest (dangerous; 14% risk of failure)
Press: ? - help, Q - select action, (/) - cycle Dir - look around, f - activate A forested plane collides here with a resounding crunch!
Your dryad calls out to the forest.
The forest starts to sway and rumble!
You hear an angry buzzing noise.
The fire dragon breathes flames at you. The blast of flame hits you!!!
Ouch! That really hurt!
You die...

#.#.#.#.... ♣.♣.###....
#.♣.....(.. #.#.###. #
♣.#.♣.♣ ♣#..
♣.#.##.###....
♣#.♣c.###...#
##R.D#♣#.≈.# #..@...≈≈≈≈#
.. . #.......≈≈≈#.....
#♣####'###'#*....
#.......<†.......#..
#........♣.......#..
#..........≈≈....#..
+..........≈≈≈...#..
#...........≈.─w.#..
######............*...##.


You could see a fire dragon (catching breath, ally target), a centaur and a
friendly dryad (summoned).

Vanquished Creatures
  A hydra (D:8)
  2 komodo dragons (D:8)
  A troll (D:7)
  A hornet (D:9)
  A slime creature (D:7)
  Grinder (D:5)
  A wraith (Ossuary)
  5 yaks (D:8)
  4 wyverns (D:8)
  A shadow (D:7)
  An acid dragon (D:8)
  2 orc warriors
  A sky beast (D:6)
  An ice beast (D:7)
  2 necrophages
  4 centaurs
  Blork the orc (D:5)
  An elf zombie (Ossuary)
  9 kobold brigands
  3 bullfrogs
  2 scorpions
  2 water moccasin skeletons
  2 wyvern skeletons (D:7)
  4 killer bees (D:8)
  6 wights
  A centaur zombie (D:5)
  A centaur skeleton (D:7)
  A gnoll shaman (D:6)
  A jelly (D:5)
  4 orc priests
  A hound (D:4)
  A human zombie (Ossuary)
  2 bullfrog skeletons
  Jessica (D:2)
  3 iguanas (D:7)
  10 orc wizards
  A killer bee zombie (D:8)
  4 mummies
  2 howler monkey zombies
  7 gnolls
  A howler monkey skeleton (D:6)
  7 adders
  A river rat (Sewer)
  A white imp (D:6)
  2 ufetubi
  3 worms
  The ghost of dracos369 the Sneak, a weakling MfDe (D:5)
  2 dart slugs
  34 orcs
  13 endoplasms
  6 giant cockroaches (D:1)
  4 goblins
  6 hobgoblins
  10 jackals
  8 quokkas
  14 ball pythons
  7 bats
  4 frilled lizards
  A gnoll zombie (Ossuary)
  2 goblin zombies (Ossuary)
  3 hobgoblin zombies (Ossuary)
  10 kobolds
  3 kobold zombies (Ossuary)
  13 rats
255 creatures vanquished.

Vanquished Creatures (collateral kills)
  A yak (D:9)
  A killer bee (D:8)
2 creatures vanquished.

Vanquished Creatures (others)
  A killer bee (D:8)
1 creature vanquished.

Grand Total: 258 creatures vanquished

Notes
Turn   | Place    | Note
-------+----------+-------------------------------------------
     0 | D:1      | BOMJPIETVODKU the Gnoll Earth Elementalist began the quest
                  | for the Orb.
     0 | D:1      | Reached XP level 1. HP: 13/13 MP: 6/6
   207 | D:1      | Reached XP level 2. HP: 19/19 MP: 4/7
   304 | D:1      | Learned a level 2 spell: Passwall
   655 | D:1      | Reached XP level 3. HP: 25/25 MP: 7/9
   717 | D:1      | Reached skill level 5 in Spellcasting
   947 | D:1      | Learned a level 3 spell: Stone Arrow
  1338 | D:1      | Reached skill level 1 in Invocations
  1634 | D:2      | Reached skill level 1 in Fighting
  1634 | D:2      | Reached skill level 1 in Short Blades
  1634 | D:2      | Reached skill level 1 in Long Blades
  1634 | D:2      | Reached skill level 1 in Axes
  1634 | D:2      | Reached skill level 1 in Maces & Flails
  1634 | D:2      | Reached skill level 1 in Polearms
  1634 | D:2      | Reached skill level 1 in Staves
  1634 | D:2      | Reached skill level 1 in Slings
  1634 | D:2      | Reached skill level 1 in Bows
  1634 | D:2      | Reached skill level 1 in Crossbows
  1634 | D:2      | Reached skill level 1 in Throwing
  1634 | D:2      | Reached skill level 1 in Armour
  1634 | D:2      | Reached skill level 1 in Shields
  1634 | D:2      | Reached skill level 1 in Unarmed Combat
  1634 | D:2      | Reached skill level 1 in Evocations
  1634 | D:2      | Reached XP level 4. HP: 32/32 MP: 8/11
  1642 | D:2      | Reached skill level 1 in Conjurations
  1642 | D:2      | Reached skill level 1 in Hexes
  1642 | D:2      | Reached skill level 1 in Summonings
  1642 | D:2      | Reached skill level 1 in Necromancy
  1642 | D:2      | Reached skill level 1 in Translocations
  1642 | D:2      | Reached skill level 1 in Fire Magic
  1642 | D:2      | Reached skill level 1 in Ice Magic
  1642 | D:2      | Reached skill level 1 in Air Magic
  1642 | D:2      | Reached skill level 1 in Poison Magic
  2203 | D:2      | Reached XP level 5. HP: 37/37 MP: 10/12
  2208 | D:2      | Noticed Jessica
  2212 | D:2      | Killed Jessica
  2804 | D:3      | Noticed a +0 hand axe
  2805 | D:3      | Noticed a +0 hand axe
  2816 | D:3      | Found a hide-covered altar of Uskayaw.
  3229 | D:3      | Found Muerez's Assorted Antiques.
  3239 | D:3      | Bought a scroll labelled JESTRU FASAM ORCH for 27 gold
                  | pieces
  3239 | D:3      | Bought a scroll labelled DEEJIEFOEM for 27 gold pieces
  3239 | D:3      | Bought a scroll labelled SOUMIKK JAQAE for 27 gold pieces
  3552 | D:4      | Reached XP level 6. HP: 44/44 MP: 9/13
  3578 | D:4      | Found a glowing drain.
  3633 | Sewer    | Entered a sewer
  3678 | Sewer    | Reached skill level 5 in Dodging
  4122 | Sewer    | Reached XP level 7. HP: 50/50 MP: 11/15
  4772 | Sewer    | Reached skill level 5 in Stealth
  5215 | Sewer    | Reached XP level 8. HP: 8/57 MP: 0/16
  6914 | D:5      | Entered Level 5 of the Dungeon
  6918 | D:5      | Noticed Blork the orc
  6923 | D:5      | Killed Blork the orc
  7011 | D:5      | Noticed Grinder
  7014 | D:5      | Killed Grinder
  7612 | D:5      | Found a radiant altar of Vehumet.
  7749 | D:5      | Found a runed translucent gate.
  7749 | D:5      | Found a runed translucent gate.
  7749 | D:5      | Found a runed translucent gate.
  7749 | D:5      | Noticed dracos369's ghost (weakling MfDe)
  7751 | D:5      | Found a basalt altar of Yredelemnul.
  7961 | D:5      | Killed dracos369's ghost
  8090 | D:5      | Found a hazy altar of Hepliaklqana.
  8404 | D:6      | Reached XP level 9. HP: 65/65 MP: 14/18
  8408 | D:6      | Found a staircase to the Ecumenical Temple.
  8422 | Temple   | Entered the Ecumenical Temple
  8613 | Temple   | Became a worshipper of Cheibriados the Contemplative
  9060 | D:6      | Found Baofa's Antique Armour Boutique.
  9084 | D:6      | Bought a glowing robe for 85 gold pieces
  9099 | D:6      | Learned a level 4 spell: Petrify
  9104 | D:6      | Found Fyoggue's Neck Hole.
  9730 | D:6      | Identified the +2 great mace of Circularity {drain, rC+
                  | Dex+8}
  9964 | D:6      | Reached * piety under Cheibriados
 10595 | D:7      | Reached skill level 5 in Invocations
 10971 | D:7      | Noticed a troll
 10982 | D:7      | Killed a troll
 11333 | D:7      | You fall into a shaft and drop 2 floors!
 11352 | D:9      | Reached XP level 10. HP: 73/73 MP: 14/20
 11470 | D:8      | Found a sand-covered staircase.
 11497 | Ossuary  | Entered an ossuary
 11574 | Ossuary  | Reached ** piety under Cheibriados
 11895 | Ossuary  | Reached skill level 5 in Fighting
 11895 | Ossuary  | Reached skill level 5 in Short Blades
 11895 | Ossuary  | Reached skill level 5 in Long Blades
 11895 | Ossuary  | Reached skill level 5 in Axes
 11895 | Ossuary  | Reached skill level 5 in Maces & Flails
 11895 | Ossuary  | Reached skill level 5 in Polearms
 11895 | Ossuary  | Reached skill level 5 in Staves
 11895 | Ossuary  | Reached skill level 5 in Slings
 11895 | Ossuary  | Reached skill level 5 in Bows
 11895 | Ossuary  | Reached skill level 5 in Crossbows
 11895 | Ossuary  | Reached skill level 5 in Throwing
 11895 | Ossuary  | Reached skill level 5 in Armour
 11895 | Ossuary  | Reached skill level 5 in Shields
 11895 | Ossuary  | Reached skill level 5 in Unarmed Combat
 11895 | Ossuary  | Reached skill level 5 in Evocations
 12499 | D:8      | Found a staircase to the Lair.
 12720 | D:8      | Learned a level 3 spell: Mephitic Cloud
 12786 | D:8      | Reached skill level 5 in Transmutations
 13017 | D:8      | Reached *** piety under Cheibriados
 13410 | D:8      | Noticed a six-headed hydra
 13416 | D:8      | Killed a six-headed hydra
 14194 | D:9      | Found a shimmering altar of Xom.
 14194 | D:9      | Found a blossoming altar of Fedhas.
 14194 | D:9      | Found an iron altar of Okawaru.
 14194 | D:9      | Found a glowing golden altar of the Shining One.
 14200 | D:9      | Reached XP level 11. HP: 81/81 MP: 12/22
 14389 | D:9      | Noticed a tengu warrior
 14392 | D:9      | Noticed a tengu warrior
 14730 | D:8      | Reached skill level 5 in Conjurations
 14730 | D:8      | Reached skill level 5 in Hexes
 14730 | D:8      | Reached skill level 5 in Summonings
 14730 | D:8      | Reached skill level 5 in Necromancy
 14730 | D:8      | Reached skill level 5 in Translocations
 14730 | D:8      | Reached skill level 5 in Fire Magic
 14730 | D:8      | Reached skill level 5 in Ice Magic
 14730 | D:8      | Reached skill level 5 in Air Magic
 14730 | D:8      | Reached skill level 5 in Poison Magic
 14736 | D:8      | Learned a level 5 spell: Summon Forest
 14869 | D:9      | Noticed a fire dragon
 14881 | D:9      | Killed from afar by a fire dragon

Illustrated notes

Levels and vault maps discovered:
D:1:      lightli_arrival_farm, layout_rooms, fountainhead, minmay_3d_cube
D:2:      layout_basic, kennysheep_jessica_study
D:3:      layout_basic, dancing_weapons_uskayaw, serial_shops, shop,
          grunt_ministairs_5
D:4:      layout_basic, gup_sewer_entry_bowl
D:5:      layout_loops_corners, mainiacjoe_overflow_brackets,
          nicolae_yredelemnul_ghost_church, vehumet_altar_wand_db, uniq_grinder,
          uniq_blork_the_orc
D:6:      layout_loops_corners, minmay_temple_entry_stoned_glass, serial_shops,
          nicolae_square_shop, nicolae_shop_sticking_my_neck_out
D:7:      minmay_chambers_of_fours, layout_basic,
          nicolae_dithmenos_shadow_blocks
D:8:      layout_cave_pods, erik_lair_dragon, gup_ossuary_entry_pyramid
D:9:      minmay_the_grid_triangle_9x9_rhombus_thin_mashed
          [minmay_the_grid_triangle_9x9_cache,
          minmay_the_grid_triangle_9x9_prize_top_heavy,
          minmay_the_grid_triangle_9x9_warning,
          minmay_the_grid_triangle_9x9_wacky_v], layout_gridville,
          chequers_temple_overflow_statue_of_worship
Temple:   nicolae_temple_figure_eight

Skill      XL: |  1  2  3  4  5  6  7  8  9 10 11 |
---------------+----------------------------------+-----
Transmutations | 2 3 4 5 |  5.4
Spellcasting   | 5 6 7 |  7.9
Invocations    | 1 2 3 4 5 6 |  6.6
Fighting       | 1 2 3 4 5 6 |  6.0
Short Blades   | 1 2 3 4 5 6 |  6.0
Long Blades    | 1 2 3 4 5 6 |  6.0
Axes           | 1 2 3 4 5 6 |  6.0
Maces & Flails | 1 2 3 4 5 6 |  6.0
Polearms       | 1 2 3 4 5 6 |  6.0
Staves         | 1 2 3 4 5 6 |  6.0
Slings         | 1 2 3 4 5 6 |  6.0
Bows           | 1 2 3 4 5 6 |  6.0
Crossbows      | 1 2 3 4 5 6 |  6.0
Throwing       | 1 2 3 4 5 6 |  6.0
Armour         | 1 2 3 4 5 6 |  6.0
Shields        | 1 2 3 4 5 6 |  6.0
Unarmed Combat | 1 2 3 4 5 6 |  6.0
Evocations     | 1 2 3 4 5 6 |  6.0
Conjurations   | 1 2 3 4 5 |  5.0
Hexes          | 1 2 3 4 5 |  5.0
Summonings     | 1 2 3 4 5 |  5.0
Necromancy     | 1 2 3 4 5 |  5.0
Translocations | 1 2 3 4 5 |  5.0
Fire Magic     | 1 2 3 4 5 |  5.0
Ice Magic      | 1 2 3 4 5 |  5.0
Air Magic      | 1 2 3 4 5 |  5.0
Poison Magic   | 1 2 3 4 5 |  5.0
Dodging        | 5 6 7 |  7.6
Stealth        | 5 6 7 |  7.4
Earth Magic    | 6 7 |  7.5

Action                   |  1- 3 |  4- 6 |  7- 9 | 10-12 || total
-------------------------+-------+-------+-------+-------++-------
Melee: Dagger            |    56 |       |       |       ||    56
       Bite              |     2 |     5 |     6 |    10 ||    23
       Short sword       |       |    48 |    56 |    73 ||   177
       Punch             |       |       |     1 |     5 ||     6
Throw: Dart              |       |       |     4 |       ||     4
 Cast: Sandblast         |    36 |    68 |    18 |       ||   122
       Stone Arrow       |     2 |     6 |   147 |    97 ||   252
       Passwall          |       |     2 |     1 |     1 ||     4
       Petrify           |       |       |     2 |     3 ||     5
       Mephitic Cloud    |       |       |       |     3 ||     3
       Summon Forest     |       |       |       |     2 ||     2
Evoke: Wand              |       |       |       |    16 ||    16
  Use: Scroll            |       |     5 |     5 |     8 ||    18
       Potion            |       |       |     3 |     7 ||    10
 Stab: Sleeping          |     5 |     2 |     2 |     7 ||    16
       Petrified         |       |       |     2 |       ||     2
       Invisible         |       |       |       |     2 ||     2
Armor: Robe              |     6 |    12 |    22 |    32 ||    72
       Leather armour    |       |       |    12 |       ||    12
Dodge: Dodged            |    51 |    65 |   122 |   165 ||   403
